[Event "Titled Tuesday Blitz August 22 Late 2023"]
[White "Diano, Eden"]
[Black "Lenderman, Aleksandr"]
[WhiteFideId "5203708"]
[BlackFideId "2021285"]
[WhiteElo "2501"]
[BlackElo "2842"]
[Result "0-1"]
[Round "3"]
[TimeControl "180+1"]
[Date "2023.08.22"]
[WhiteClock "0:01:00"]
[BlackClock "0:01:43"]
[Board "73"]

1. d4 e6 2. c4 b6 3. Nc3 Bb7 4. a3 Nf6 5. Bg5 Be7 6. Bxf6 Bxf6 7. e4 O-O 8. f4 c5 9. e5 cxd4 10. Qxd4 Nc6 11. Qe3 Bh4+ 12. g3 Be7 13. Bg2 Nb4 14. Qe2 Bxg2 15. Qxg2 Nd3+ 16. Kd1 d6 17. exd6 Qxd6 18. Kc2 Qd4 19. Rd1 Qf2+ 20. Qxf2 Nxf2 21. Nf3 Nxh1 22. Rxh1 Rac8 23. Kb3 Rfd8 24. Re1 Bf6 25. Ne5 Bxe5 26. Rxe5 Rd2 27. Re2 Rcd8 28. Rxd2 Rxd2 29. h4 Rd3 30. g4 Rd4 31. Nb5 Rxf4 0-1


[Site "https://www.chess.com"]

[Event "Titled Tuesday Blitz August 22 Late 2023"]
[White "Klukin, Kirill"]
[Black "Martins, Bruno Andre Leite"]
[WhiteFideId "24199273"]
[BlackFideId "1942255"]
[WhiteElo "2821"]
[BlackElo "2500"]
[Result "1-0"]
[Round "3"]
[TimeControl "180+1"]
[Date "2023.08.22"]
[WhiteClock "0:00:42"]
[BlackClock "0:00:08"]
[Board "74"]

1. c4 Nf6 2. Nc3 g6 3. g3 Bg7 4. Bg2 O-O 5. e3 Nc6 6. Nge2 e5 7. O-O d6 8. Rb1 Be6 9. Nd5 a5 10. a3 Qd7 11. Re1 Bh3 12. Bh1 Nxd5 13. cxd5 Ne7 14. d4 f5 15. dxe5 dxe5 16. Qb3 Qd6 17. Bd2 Kh8 18. Rbc1 Rfc8 19. Nc3 Qf6 20. Na4 f4 21. exf4 exf4 22. Bc3 Qf7 23. Bxg7+ Kxg7 24. Nc5 fxg3 25. hxg3 Nf5 26. Ne6+ Kg8 27. Ng5 Nd4 28. Qe3 Nf5 29. Qe5 Qd7 30. Nxh3 Re8 31. Qc3 Nxg3 32. Qxg3 1-0


[Site "https://www.chess.com"]

[Event "Titled Tuesday Blitz August 22 Late 2023"]
[White "Hambleton, Aman"]
[Black "Rizzo, Tobias"]
[WhiteFideId "2606577"]
[BlackFideId "30942691"]
[WhiteElo "2795"]
[BlackElo "2496"]
[Result "1-0"]
[Round "3"]
[TimeControl "180+1"]
[Date "2023.08.22"]
[WhiteClock "0:00:38"]
[BlackClock "0:00:31"]
[Board "75"]

1. d4 Nf6 2. Bf4 g6 3. e3 Bg7 4. h3 O-O 5. Nf3 c5 6. c3 d5 7. Nbd2 Qb6 8. Qb3 c4 9. Qxb6 axb6 10. Bxb8 Rxb8 11. Ne5 b5 12. a3 Ne8 13. Be2 f6 14. Nef3 Nd6 15. O-O g5 16. Rfe1 Bf5 17. Nf1 Bg6 18. N3d2 Ra8 19. Ng3 h6 20. Bh5 Bd3 21. Bf3 e6 22. e4 dxe4 23. Ndxe4 Rfd8 24. Nc5 e5 25. dxe5 fxe5 26. Nxb7 Nxb7 27. Bxb7 Rab8 28. Be4 Bxe4 29. Nxe4 Rd3 30. Red1 Rbd8 31. Rxd3 Rxd3 32. a4 bxa4 33. Kf1 Rd1+ 34. Rxd1 1-0


[Site "https://www.chess.com"]

[Event "Titled Tuesday Blitz August 22 Late 2023"]
[White "Batsuren, Dambasuren"]
[Black "NLLO777"]
[WhiteFideId "4902920"]
[WhiteElo "2769"]
[BlackElo "2492"]
[Result "1-0"]
[Round "3"]
[TimeControl "180+1"]
[Date "2023.08.22"]
[WhiteClock "0:00:58"]
[BlackClock "0:00:04"]
[Board "76"]

1. d4 Nf6 2. c4 e6 3. Nc3 d5 4. cxd5 exd5 5. Bg5 c6 6. e3 Be7 7. Bd3 O-O 8. Qc2 Nbd7 9. Nf3 Re8 10. O-O Nf8 11. h3 h6 12. Bf4 Bd6 13. Ne5 Qe7 14. Bh2 N8d7 15. f4 a6 16. Rae1 c5 17. e4 dxe4 18. Nxe4 Nxe4 19. Bxe4 Qf8 20. Bh7+ Kh8 21. Nxf7+ Qxf7 22. Bg6 Rxe1 23. Bxf7 Rxf1+ 24. Kxf1 cxd4 25. Be6 Nc5 26. Bxc8 Rxc8 27. b4 d3 28. Qc3 d2 29. Qxd2 Ne4 30. Qd3 Re8 31. a3 Kg8 32. Qd5+ Kf8 33. g4 Re7 34. Kg2 g6 35. f5 Bxh2 36. Kxh2 gxf5 37. Qxf5+ Kg7 38. h4 Nf6 39. g5 hxg5 40. Qxg5+ Kf7 41. h5 Re8 42. Qg6+ Ke6 43. h6 Rh8 44. Kg3 Rh7 45. Kf4 Rf7 46. Kg5 Ke7 47. Kf5 Nh7+ 48. Ke5 Nf6 49. Qg5 b5 50. h7 Rxh7 51. Qxf6+ Ke8 52. Qg6+ Rf7 53. Ke6 Kd8 54. Qxf7 a5 55. Qd7# 1-0


[Site "https://www.chess.com"]

[Event "Titled Tuesday Blitz August 22 Late 2023"]
[White "Michalczak, Thomas"]
[Black "Kushko, Dmitriy"]
[WhiteFideId "4622634"]
[BlackFideId "14162261"]
[WhiteElo "2491"]
[BlackElo "2755"]
[Result "0-1"]
[Round "3"]
[TimeControl "180+1"]
[Date "2023.08.22"]
[WhiteClock "0:00:28"]
[BlackClock "0:00:13"]
[Board "77"]

1. e4 g6 2. d4 Bg7 3. Nc3 d6 4. Be3 a6 5. h4 h6 6. Qd2 b5 7. a3 Bb7 8. f3 Nd7 9. g4 e6 10. Nge2 Ne7 11. Ng3 c5 12. Nce2 Nc6 13. c3 Na5 14. Rd1 Nc4 15. Qc1 Nxe3 16. Qxe3 Qc7 17. Bg2 Nb6 18. b3 a5 19. O-O a4 20. b4 Nc4 21. Qc1 O-O-O 22. f4 Kb8 23. e5 Bxg2 24. Kxg2 cxb4 25. cxb4 g5 26. fxg5 dxe5 27. Nh5 Qb7+ 28. Kh2 hxg5 29. Nxg7 Rxh4+ 30. Kg3 f5 31. Qxg5 Rxg4+ 32. Qxg4 fxg4 33. Nxe6 Rh8 34. d5 Ne3 35. Rh1 Rxh1 36. Rxh1 Qxd5 37. Rh8+ Ka7 38. Rh7+ Kb6 39. N2f4 exf4+ 40. Nxf4 Qf3+ 41. Kh4 Qh1+ 42. Kg3 Qxh7 43. Nd5+ Nxd5 0-1


[Site "https://www.chess.com"]

[Event "Titled Tuesday Blitz August 22 Late 2023"]
[White "Ghazarian, Kirk"]
[Black "Matta, Nicholas"]
[WhiteFideId "30908604"]
[BlackFideId "30914523"]
[WhiteElo "2734"]
[BlackElo "2491"]
[Result "1-0"]
[Round "3"]
[TimeControl "180+1"]
[Date "2023.08.22"]
[WhiteClock "0:00:42"]
[BlackClock "0:00:00"]
[Board "78"]

1. e4 g6 2. d4 Bg7 3. Be3 d6 4. Bd3 a6 5. Nd2 b5 6. Ne2 Bb7 7. O-O Nd7 8. c3 Ngf6 9. a4 bxa4 10. Qxa4 Ng4 11. Bg5 h6 12. Bh4 O-O 13. h3 Ngf6 14. Rfe1 g5 15. Bg3 c5 16. d5 Nh5 17. Bh2 Ne5 18. Qc2 f5 19. exf5 Bxd5 20. Be4 Bxe4 21. Qxe4 d5 22. Qc2 d4 23. cxd4 cxd4 24. Qe4 Nf7 25. Nc4 Kh8 26. Red1 Rc8 27. b3 Nf6 28. Qxd4 Nd5 29. Ne5 Nf4 30. Nxf7+ Rxf7 31. Qxd8+ Rxd8 32. Rxd8+ Kh7 33. Bxf4 Bxa1 34. Be3 Bf6 35. Rd7 Rf8 36. g4 Rb8 37. Bd4 Kg8 38. Bxf6 exf6 39. Nd4 Rb4 40. Ne6 Rxb3 41. Ra7 Rb6 42. Kg2 Kh8 43. Nc7 1-0


[Site "https://www.chess.com"]

[Event "Titled Tuesday Blitz August 22 Late 2023"]
[White "Itkis, Boris"]
[Black "Martinez Ramirez, Lennis"]
[WhiteFideId "1209167"]
[BlackFideId "3509079"]
[WhiteElo "2485"]
[BlackElo "2729"]
[Result "0-1"]
[Round "3"]
[TimeControl "180+1"]
[Date "2023.08.22"]
[WhiteClock "0:00:57"]
[BlackClock "0:00:58"]
[Board "79"]

1. d4 Nf6 2. Nc3 d5 3. Bf4 c6 4. e3 Bf5 5. f3 e6 6. g4 Bg6 7. h4 h5 8. g5 Nfd7 9. Nge2 c5 10. Qd2 a6 11. O-O-O Nc6 12. e4 Nb6 13. dxc5 Bxc5 14. exd5 Nb4 15. dxe6 Qxd2+ 16. Rxd2 fxe6 17. a3 N4d5 18. Nxd5 Nxd5 19. b4 Ba7 20. Be5 Be3 21. c4 Nb6 22. Nf4 Rd8 23. Rh2 Kf7 24. Bc7 Rxd2 25. Rxd2 Rc8 26. Bxb6 Bxf4 27. Kd1 Bxd2 28. Kxd2 e5 29. Ke3 Bf5 30. Bd3 Bxd3 31. Kxd3 g6 32. Ke4 Ke6 33. c5 Rf8 0-1


[Site "https://www.chess.com"]

[Event "Titled Tuesday Blitz August 22 Late 2023"]
[White "Urbina Perez, Juan Antonio"]
[Black "Akobian, Varuzhan"]
[WhiteFideId "2217368"]
[BlackFideId "13300580"]
[WhiteElo "2485"]
[BlackElo "2728"]
[Result "0-1"]
[Round "3"]
[TimeControl "180+1"]
[Date "2023.08.22"]
[WhiteClock "0:00:00"]
[BlackClock "0:00:35"]
[Board "80"]

1. e4 d6 2. d4 Nf6 3. f3 d5 4. e5 Nfd7 5. c3 c5 6. f4 Nc6 7. Be3 cxd4 8. cxd4 Nb6 9. Nd2 h5 10. Ngf3 Bf5 11. Nb3 e6 12. Bd3 Bb4+ 13. Kf2 g6 14. a3 Be7 15. Rf1 Nc4 16. Rb1 Qb6 17. Bxf5 gxf5 18. Nbd2 Nxe3 19. Kxe3 h4 20. Qb3 Qa6 21. Qd3 Qb6 22. Qb3 Qc7 23. Rbc1 Rc8 24. Qb5 a6 25. Qd3 Rg8 26. Kf2 Qb6 27. Rc2 Kd7 28. Rfc1 Na7 29. b4 Rxc2 30. Rxc2 Rc8 31. Rxc8 Nxc8 32. Nb3 Qc6 33. Nc5+ Ke8 34. Ng5 Bxg5 35. fxg5 Ne7 36. Qf3 b6 37. Nxa6 Qc4 38. Qe2 Qxd4+ 39. Kf1 Ng6 40. Qb5+ Kf8 41. Nc7 Nf4 42. Qe8+ Kg7 43. Qb5 Qxe5 44. Ne8+ Kg6 45. Nf6 Kxg5 46. Nh7+ Kh6 47. Nf8 Qe3 48. a4 Nd3 0-1


[Site "https://www.chess.com"]

[Event "Titled Tuesday Blitz August 22 Late 2023"]
[White "Sivakumar, Shaashwath"]
[Black "Kuzmicz, Krystian"]
[WhiteFideId "30912156"]
[BlackFideId "1119125"]
[WhiteElo "2480"]
[BlackElo "2727"]
[Result "0-1"]
[Round "3"]
[TimeControl "180+1"]
[Date "2023.08.22"]
[WhiteClock "0:00:05"]
[BlackClock "0:02:01"]
[Board "81"]

1. d4 g6 2. e4 Bg7 3. Nc3 c6 4. f4 d5 5. e5 Nh6 6. Nf3 Bg4 7. Be3 f6 8. h3 Bxf3 9. Qxf3 O-O 10. Qd1 fxe5 11. fxe5 Nf5 12. Bf2 Bh6 13. Bd3 Ne3 14. Bxe3 Bxe3 15. Qg4 Kg7 16. h4 Qb6 17. Ne2 Qxb2 18. Rd1 Bf2+ 19. Kd2 Qb4+ 20. c3 Qb2+ 21. Bc2 Be3+ 22. Kd3 c5 23. dxc5 Nc6 24. Rb1 Nxe5+ 0-1


[Site "https://www.chess.com"]

[Event "Titled Tuesday Blitz August 22 Late 2023"]
[White "Dimitrov, Atanas"]
[Black "Chernikov, Vladimir"]
[WhiteFideId "2901315"]
[BlackFideId "14112914"]
[WhiteElo "2725"]
[BlackElo "2479"]
[Result "0-1"]
[Round "3"]
[TimeControl "180+1"]
[Date "2023.08.22"]
[WhiteClock "0:00:07"]
[BlackClock "0:01:29"]
[Board "82"]

1. Nf3 c5 2. c4 Nc6 3. Nc3 e5 4. b3 g6 5. Bb2 Bg7 6. d3 Nge7 7. g3 d6 8. Bg2 Be6 9. O-O O-O 10. e3 d5 11. cxd5 Nxd5 12. Nxd5 Bxd5 13. Qc2 b6 14. Rfd1 Rc8 15. Rac1 Qd7 16. Qe2 Rfd8 17. h4 h6 18. Kh2 Be6 19. Ne1 Bg4 20. Bf3 Bxf3 21. Qxf3 e4 22. dxe4 Qe6 23. Bxg7 Kxg7 24. Nd3 Rxd3 25. Rxd3 Ne5 26. Qe2 Nxd3 27. Qxd3 Re8 28. f3 f5 29. exf5 Qxe3 30. Qxe3 Rxe3 31. fxg6 Kxg6 32. f4 Re2+ 33. Kh3 Rxa2 34. Rd1 Ra3 35. Rd3 b5 36. Rd6+ Kg7 37. Kg4 Rxb3 38. Rd7+ Kf6 39. Rxa7 h5+ 40. Kh3 c4 41. Rc7 c3 42. Kg2 Rb2+ 43. Kf3 b4 44. Ke4 c2 45. Rc6+ Ke7 46. f5 b3 47. f6+ Kf7 48. Kf5 Rb1 49. Rc7+ Ke8 50. Rc8+ Kd7 51. f7 Rf1+ 52. Kg6 Kxc8 53. g4 Rxf7 54. g5 Rc7 55. Kxh5 c1=Q 56. g6 Qd1+ 57. Kh6 Qg4 58. g7 Qxg7+ 59. Kh5 Rc5# 0-1


[Site "https://www.chess.com"]

[Event "Titled Tuesday Blitz August 22 Late 2023"]
[White "Jaracz, Pawel"]
[Black "Gogolev, Artem"]
[WhiteFideId "1102222"]
[BlackFideId "4116615"]
[WhiteElo "2713"]
[BlackElo "2476"]
[Result "1-0"]
[Round "3"]
[TimeControl "180+1"]
[Date "2023.08.22"]
[WhiteClock "0:00:04"]
[BlackClock "0:00:00"]
[Board "83"]

1. e4 c6 2. d4 d5 3. Nc3 dxe4 4. Nxe4 Bf5 5. Ng3 Bg6 6. Nh3 e6 7. Nf4 Bd6 8. c3 Nf6 9. h4 Bxf4 10. Bxf4 h6 11. Qb3 Qb6 12. Be2 Nbd7 13. Bd6 Nd5 14. c4 Qxb3 15. axb3 N5f6 16. O-O Ne4 17. Nxe4 Bxe4 18. f3 Bc2 19. Rfc1 Bg6 20. b4 Nf6 21. b5 Kd7 22. Be5 cxb5 23. cxb5 Rhc8 24. Rxc8 Kxc8 25. Rc1+ Kd8 26. Rc7 Nd5 27. Rc1 f6 28. Bg3 Rc8 29. Rxc8+ Kxc8 30. Bd6 Bf7 31. Bf8 g5 32. Bxh6 gxh4 33. Kf2 Kc7 34. Bf8 Bg6 35. Bc5 b6 36. Bf8 Kd7 37. Bc4 Nc7 38. Bh6 Bc2 39. b3 Bg6 40. Bd2 Ke7 41. Bb4+ Kd8 42. Be1 Be8 43. Ke3 Bxb5 44. Bxh4 Ke7 45. Bg3 Bxc4 46. bxc4 Ne8 47. Kd3 Kd7 48. Bh4 f5 49. g4 fxg4 50. fxg4 a5 51. g5 Nd6 52. g6 Ke8 53. Bf6 a4 54. d5 exd5 55. cxd5 b5 56. Be5 Nc4 57. Bc3 a3 58. Kd4 a2 59. Kc5 b4 60. Kxb4 Ne3 61. Kc5 Nf5 62. Kc6 Nh4 63. d6 Nxg6 64. d7+ Ke7 65. Bf6+ Ke6 66. d8=Q Ne5+ 67. Bxe5 1-0


[Site "https://www.chess.com"]

[Event "Titled Tuesday Blitz August 22 Late 2023"]
[White "Seletsky, Grigory"]
[Black "Makridis, Dimitrios"]
[WhiteFideId "14112191"]
[BlackFideId "25864475"]
[WhiteElo "2475"]
[BlackElo "2707"]
[Result "0-1"]
[Round "3"]
[TimeControl "180+1"]
[Date "2023.08.22"]
[WhiteClock "0:00:00"]
[BlackClock "0:00:17"]
[Board "84"]

1. b3 c5 2. e4 d6 3. Bb2 Nf6 4. Nc3 g6 5. Nd5 Bg7 6. Nxf6+ exf6 7. Bb5+ Nd7 8. Ne2 O-O 9. Bxd7 Bxd7 10. O-O Bc6 11. d3 d5 12. f3 Re8 13. c4 d4 14. Bc1 Qd7 15. Bd2 f5 16. a4 fxe4 17. fxe4 f5 18. exf5 gxf5 19. Ng3 Rf8 20. Qh5 Qe8 21. Qxe8 Raxe8 22. Rae1 Rxe1 23. Bxe1 f4 24. Nh5 Be5 25. Bd2 f3 26. g3 Rf5 27. Nf4 h5 28. h4 b6 29. Kf2 Kf7 30. Re1 Bd6 31. Nh3 Bd7 32. Bf4 Be7 33. Kxf3 Bc6+ 34. Kf2 Bd6 35. Ke2 Be7 36. Kd2 Bg2 37. Ng5+ Bxg5 38. Bxg5 Rf3 39. Ke2 Rxg3 40. Kf2 Rg4 41. Re7+ Kg6 42. Rxa7 Bh1 43. Rb7 Rg2+ 44. Kf1 Rb2 45. Rxb6+ Kf5 46. Rb5 Kg4 47. Rxc5 Bf3 0-1


[Site "https://www.chess.com"]

[Event "Titled Tuesday Blitz August 22 Late 2023"]
[White "Lamaze, Simon"]
[Black "Shubenkova, Veronika"]
[WhiteFideId "36069264"]
[BlackFideId "44124040"]
[WhiteElo "2704"]
[BlackElo "2473"]
[Result "1-0"]
[Round "3"]
[TimeControl "180+1"]
[Date "2023.08.22"]
[WhiteClock "0:00:15"]
[BlackClock "0:00:46"]
[Board "85"]

1. c4 e5 2. g3 Nc6 3. Bg2 g6 4. Nc3 Bg7 5. Rb1 f5 6. b4 d6 7. b5 Nce7 8. e3 Nf6 9. Nge2 O-O 10. d3 Rb8 11. a4 Be6 12. Ba3 g5 13. f4 gxf4 14. exf4 Ng4 15. Qd2 exf4 16. Nxf4 Bf7 17. Nce2 Ng6 18. Nxg6 hxg6 19. O-O Re8 20. Bb2 Ne3 21. Rf2 Nxg2 22. Rxg2 Bxb2 23. Rxb2 c6 24. h4 cxb5 25. axb5 Qb6+ 26. Kh2 Re3 27. c5 Qxc5 28. Nf4 Rbe8 29. Rc2 Qxb5 30. Rc7 Qb1 31. Rg1 Re1 32. Rxe1 Rxe1 33. Qg2 Rc1 34. Rxb7 Qa1 35. h5 g5 36. Ng6 Bxg6 37. Qd5+ Kh8 38. Rb8+ Kg7 39. Qg8+ Kf6 40. Qxg6+ Ke5 41. Re8+ Kd4 42. Qxd6+ Kc3 43. Qe5+ Kxd3 44. Rd8+ Kc4 45. Qc7+ Kb3 46. Rb8+ Ka2 47. Qf7+ Ka3 48. Qe7+ Ka2 49. Qe6+ Ka3 50. Qd6+ Ka2 51. Qd5+ Ka3 52. Qd3+ Qc3 53. Qa6+ Qa5 54. Qxa5# 1-0


[Site "https://www.chess.com"]

[Event "Titled Tuesday Blitz August 22 Late 2023"]
[White "Diaz Perez, Michel Alejandro"]
[Black "WindWhistler11"]
[WhiteFideId "3517179"]
[WhiteElo "2700"]
[BlackElo "2473"]
[Result "0-1"]
[Round "3"]
[TimeControl "180+1"]
[Date "2023.08.22"]
[WhiteClock "0:00:03"]
[BlackClock "0:00:01"]
[Board "86"]

1. Nf3 d6 2. c4 Nd7 3. b3 e5 4. d3 Ngf6 5. Bb2 Be7 6. Nbd2 O-O 7. g3 c6 8. Bg2 Qc7 9. O-O Re8 10. Rc1 Nf8 11. b4 h6 12. a4 N8h7 13. b5 Ng5 14. Nxg5 hxg5 15. Nb3 Bg4 16. Qd2 Nh7 17. bxc6 bxc6 18. Na5 Bd7 19. Bc3 g4 20. Rb1 Rab8 21. Qc2 Ng5 22. Rxb8 Rxb8 23. Rb1 Rb6 24. Rb2 c5 25. Bd2 Ne6 26. e3 Ng5 27. Rxb6 axb6 28. Nb3 Bxa4 29. Qa2 Bc6 30. e4 Ne6 31. Bf1 b5 32. cxb5 Bxb5 33. Be2 Bg5 34. Bxg4 Bxd2 35. Bxe6 Bc3 36. Bd5 Bxd3 37. Qa8+ Kh7 38. Qe8 c4 39. Bxf7 Bxe4 40. Qg8+ Kh6 41. Bxc4 Qa7 42. Qh8+ Kg6 43. h4 Be1 44. h5+ Kf5 45. Qf8+ Kg4 46. Be2+ Kg5 47. Qd8+ Kf5 48. Qf8+ Kg5 49. Nc1 Bf5 50. Kf1 Qxf2# 0-1


[Site "https://www.chess.com"]

[Event "Titled Tuesday Blitz August 22 Late 2023"]
[White "Toropov, Pavel"]
[Black "Schnaider, Ilan"]
[WhiteFideId "24129178"]
[BlackFideId "169013"]
[WhiteElo "2472"]
[BlackElo "2697"]
[Result "0-1"]
[Round "3"]
[TimeControl "180+1"]
[Date "2023.08.22"]
[WhiteClock "0:00:00"]
[BlackClock "0:01:00"]
[Board "87"]

1. e4 e6 2. d4 d5 3. exd5 exd5 4. Bd3 Nf6 5. Nf3 Bd6 6. O-O O-O 7. h3 h6 8. Nc3 c6 9. Ne2 Qc7 10. Be3 Re8 11. Qd2 Ne4 12. Qc1 Bf5 13. Bf4 Nd7 14. Bxd6 Nxd6 15. Bxf5 Nxf5 16. Re1 Nf6 17. Qf4 Qxf4 18. Nxf4 Re4 19. Ne2 Rae8 20. Kf1 h5 21. c3 h4 22. Ng5 R4e7 23. Nf4 Ne4 24. Nf3 g5 25. Nd3 f6 26. Kg1 a5 27. a4 b6 28. Re2 Ned6 29. Rxe7 Rxe7 30. Kf1 Ne4 31. Rd1 Nfd6 32. Nd2 Kf7 33. Nb1 Nc4 34. b3 Ncd6 35. Re1 Rb7 36. f3 Ng3+ 37. Kf2 b5 38. Nd2 bxa4 39. bxa4 Nc4 40. Nxc4 dxc4 41. Nc5 Rb2+ 42. Kg1 Ne2+ 43. Kf1 Nxc3 44. Re6 Nxa4 45. Rxc6 Nc3 46. Nd7 Nd5 47. Rc5 Ke6 48. Nf8+ Kd6 49. Nh7 a4 0-1


[Site "https://www.chess.com"]

[Event "Titled Tuesday Blitz August 22 Late 2023"]
[White "Krishnan, Varun"]
[Black "Fernandez Lopez, Ruben"]
[WhiteFideId "5054508"]
[BlackFideId "24518298"]
[WhiteElo "2694"]
[BlackElo "2472"]
[Result "1-0"]
[Round "3"]
[TimeControl "180+1"]
[Date "2023.08.22"]
[WhiteClock "0:01:58"]
[BlackClock "0:02:14"]
[Board "88"]

1. d4 b6 2. c4 Bb7 3. Nc3 Nf6 4. f3 e6 5. e4 Bb4 6. Qc2 Nc6 7. Be3 e5 8. Ne2 O-O 9. O-O-O d6 10. g4 exd4 11. Nxd4 Nxd4 12. Bxd4 Nd7 13. h4 Bc5 14. h5 Bxd4 15. Rxd4 Qg5+ 16. Qd2 Qxd2+ 17. Rxd2 Rfe8 18. g5 Ne5 19. Be2 Rad8 20. Nd5 Bxd5 21. cxd5 g6 22. Kb1 Rf8 23. Rc2 Rd7 24. f4 f6 25. fxe5 fxe5 26. Bg4 Re7 27. Be6+ Kg7 28. hxg6 Kxg6 29. Bf5+ Kxg5 30. Rg2+ Kf6 31. Rh6+ Kf7 32. Rxh7+ Ke8 33. Rxe7+ Kxe7 34. Rg7+ Rf7 35. Rxf7+ Kxf7 36. b4 Kf6 37. Kc2 Kg5 38. Kb3 Kf4 39. a4 a6 40. Kc4 Ke3 41. a5 Kf4 42. Kd3 Kg5 43. Bc8 Kf6 44. Bxa6 Ke7 45. Bb7 1-0


[Site "https://www.chess.com"]

[Event "Titled Tuesday Blitz August 22 Late 2023"]
[White "Cuenca Jimenez, Jose Fernando"]
[Black "Mindhunter08"]
[WhiteFideId "2255570"]
[WhiteElo "2687"]
[BlackElo "2469"]
[Result "1-0"]
[Round "3"]
[TimeControl "180+1"]
[Date "2023.08.22"]
[WhiteClock "0:00:18"]
[BlackClock "0:00:00"]
[Board "89"]

1. c4 c6 2. d4 d5 3. Nf3 Nf6 4. e3 e6 5. b3 Ne4 6. Bd3 Nd7 7. O-O Ndf6 8. Ne5 Be7 9. Bb2 O-O 10. Qc2 h6 11. c5 Qc7 12. f3 Ng5 13. h4 Ngh7 14. g4 Bd7 15. Nd2 b6 16. b4 bxc5 17. bxc5 Rfb8 18. f4 Nf8 19. g5 hxg5 20. fxg5 Nh5 21. Rxf7 Be8 22. Rf2 Nd7 23. Ndf3 Ng3 24. Kg2 Nh5 25. Bh7+ Kh8 26. Bg6 Nf8 27. Bxe8 Rxe8 28. Rg1 Rab8 29. Bc3 Kg8 30. Kf1 Qb7 31. Kg2 Qa6 32. Kh3 Rec8 33. Kg4 g6 34. Nxg6 Nxg6 35. Qxg6+ Ng7 36. Ne5 Rf8 37. Rf7 Qe2+ 38. Kh3 Qxe3+ 39. Rg3 1-0


[Site "https://www.chess.com"]

[Event "Titled Tuesday Blitz August 22 Late 2023"]
[White "Salimova, Nurgyul"]
[Black "Moore, Nicholas"]
[WhiteFideId "2915138"]
[BlackFideId "4303709"]
[WhiteElo "2680"]
[BlackElo "2466"]
[Result "1-0"]
[Round "3"]
[TimeControl "180+1"]
[Date "2023.08.22"]
[WhiteClock "0:00:20"]
[BlackClock "0:00:07"]
[Board "90"]

1. Nf3 d5 2. g3 Nf6 3. Bg2 h6 4. O-O Bf5 5. b4 e6 6. a3 Be7 7. Bb2 O-O 8. d3 c6 9. Nd4 Bh7 10. Nb3 Re8 11. N1d2 Bf8 12. e4 dxe4 13. dxe4 e5 14. Qe2 Nbd7 15. Rad1 Qc7 16. c4 c5 17. b5 Nb6 18. Rfe1 Rad8 19. Nf1 Rxd1 20. Rxd1 Nc8 21. Ne3 Nd6 22. f3 b6 23. a4 Qe7 24. Bh3 Rd8 25. a5 g6 26. a6 Bg7 27. Rd3 Nfe8 28. Nd5 Qf8 29. Rd1 Kh8 30. Nd2 Bg8 31. Nf1 f6 32. Nfe3 h5 33. Rd2 Bh6 34. Rd1 Kh7 35. Kg2 Bxe3 36. Nxe3 Nf7 37. Nd5 Nfd6 38. f4 exf4 39. gxf4 Qh6 40. Nxf6+ Nxf6 41. Bxf6 Re8 42. Rxd6 Qxf4 43. Rd7+ Kh6 44. Bg7+ Kg5 45. Qd2 Bxc4 46. Bh6+ Kxh6 47. Qxf4+ 1-0


[Site "https://www.chess.com"]

[Event "Titled Tuesday Blitz August 22 Late 2023"]
[White "Hajiyev, Kanan"]
[Black "Alex_Sahakyan2006"]
[WhiteFideId "13404148"]
[WhiteElo "2462"]
[BlackElo "2677"]
[Result "0-1"]
[Round "3"]
[TimeControl "180+1"]
[Date "2023.08.22"]
[WhiteClock "0:00:00"]
[BlackClock "0:00:07"]
[Board "91"]

1. d4 Nf6 2. Nf3 g6 3. c4 Bg7 4. g3 O-O 5. Bg2 d6 6. O-O Nc6 7. b3 e5 8. dxe5 Ng4 9. Bb2 Ngxe5 10. Nc3 Nxf3+ 11. exf3 Be6 12. Qd2 Qd7 13. Rad1 Rae8 14. Rfe1 f5 15. c5 dxc5 16. Qxd7 Bxd7 17. Rxe8 Bxe8 18. f4 Bd4 19. Na4 Bxb2 20. Nxb2 b6 21. Bxc6 Bxc6 22. Nc4 Bf3 23. Rd7 Rc8 24. Ne5 Be4 25. f3 Bb1 26. a3 Ba2 27. b4 cxb4 28. axb4 Be6 29. Re7 Bd5 30. Nd7 Bf7 31. Ne5 Be8 32. h4 a5 33. bxa5 bxa5 34. Nc4 a4 35. Kf2 Bf7 36. Ne5 Bb3 37. Nd7 a3 38. Nf6+ Kf8 39. Rxh7 Be6 40. Nd7+ Bxd7 41. Rxd7 a2 42. Rd1 Ra8 43. Ra1 Ra3 44. Ke2 Ke7 45. g4 Kf6 46. Kd2 Rxf3 47. gxf5 Kxf5 48. Kc2 Ra3 49. Kb2 Ra8 50. Kc3 Kxf4 51. Rf1+ Kg4 52. Rg1+ Kxh4 53. Rh1+ Kg5 54. Rg1+ Kf6 55. Rf1+ Kg7 56. Ra1 g5 57. Kd4 Kg6 58. Ke4 Ra4+ 59. Kf3 g4+ 60. Kg3 Kg5 61. Kg2 Ra3 62. Kf2 g3+ 63. Kg2 Kg4 64. Kg1 Kh3 65. Kh1 Rb3 0-1


[Site "https://www.chess.com"]

[Event "Titled Tuesday Blitz August 22 Late 2023"]
[White "Korchmar, Vasiliy"]
[Black "Czerw, Dawid"]
[WhiteFideId "24131750"]
[BlackFideId "1145746"]
[WhiteElo "2665"]
[BlackElo "2460"]
[Result "1-0"]
[Round "3"]
[TimeControl "180+1"]
[Date "2023.08.22"]
[WhiteClock "0:01:22"]
[BlackClock "0:00:00"]
[Board "92"]

1. e4 c5 2. Nc3 Nc6 3. Nf3 g6 4. Bb5 Nd4 5. Bc4 Bg7 6. O-O e6 7. Nxd4 cxd4 8. Ne2 Ne7 9. d3 O-O 10. Bg5 Re8 11. Qd2 b6 12. f4 f5 13. e5 d6 14. Nxd4 dxe5 15. Nxe6 Bxe6 16. Bxe6+ Kh8 17. fxe5 Qd4+ 18. Kh1 Qxe5 19. Rae1 Qxb2 20. Bf7 Rec8 21. Rxe7 Rxc2 22. Qe1 Bc3 23. Re8+ Kg7 24. Qe7 Bb4 25. Qd7 Rxe8 26. Bxe8+ Kh8 27. d4 1-0


[Site "https://www.chess.com"]

[Event "Titled Tuesday Blitz August 22 Late 2023"]
[White "Shuvalova, Polina"]
[Black "Nielsen, Viktor Haarmark"]
[WhiteFideId "24171760"]
[BlackFideId "1444492"]
[WhiteElo "2651"]
[BlackElo "2460"]
[Result "1-0"]
[Round "3"]
[TimeControl "180+1"]
[Date "2023.08.22"]
[WhiteClock "0:00:36"]
[BlackClock "0:00:11"]
[Board "93"]

1. e4 c5 2. c3 Nf6 3. e5 Nd5 4. d4 cxd4 5. cxd4 d6 6. Nf3 Nc6 7. Bc4 dxe5 8. dxe5 Ndb4 9. Qxd8+ Nxd8 10. Na3 Bg4 11. Nd4 Ndc6 12. Nxc6 Nxc6 13. h3 Bd7 14. Bf4 Rc8 15. O-O e6 16. Rad1 a6 17. Be2 Nb4 18. Nc4 Bc5 19. a3 Nd5 20. Bg3 Bb5 21. Rc1 O-O 22. Rfd1 Rfd8 23. Kf1 Be7 24. Nd6 Rxc1 25. Rxc1 Bc6 26. b4 Bxd6 27. exd6 Bb5 28. Bxb5 axb5 29. Rc5 Kf8 30. Rxb5 Rd7 31. a4 f6 32. a5 Nc3 33. Rc5 Ne4 34. Rc8+ Kf7 35. Rc7 Ke8 36. b5 Nxg3+ 37. fxg3 Kd8 38. Rxd7+ Kxd7 39. a6 bxa6 40. bxa6 1-0


[Site "https://www.chess.com"]

[Event "Titled Tuesday Blitz August 22 Late 2023"]
[White "Liu, Casper"]
[Black "Ehlvest, Jaan"]
[WhiteFideId "1454153"]
[BlackFideId "4500016"]
[WhiteElo "2458"]
[BlackElo "2650"]
[Result "0-1"]
[Round "3"]
[TimeControl "180+1"]
[Date "2023.08.22"]
[WhiteClock "0:00:00"]
[BlackClock "0:00:21"]
[Board "94"]

1. e4 c6 2. Be2 d5 3. d3 g6 4. Nf3 Bg7 5. O-O e5 6. Bg5 Ne7 7. Re1 O-O 8. Bf1 d4 9. a4 c5 10. Na3 Nbc6 11. Nc4 f6 12. Bd2 Be6 13. c3 dxc3 14. bxc3 Bxc4 15. dxc4 Na5 16. Be3 Qc7 17. Be2 Rad8 18. Nd2 b6 19. Qc2 h5 20. Nf1 Kh7 21. Bc1 Bh6 22. Bxh6 Kxh6 23. Ne3 Nc8 24. Rad1 Nd6 25. f3 Kg7 26. Kf2 Qf7 27. Rd5 Ndb7 28. Red1 Rxd5 29. cxd5 Nd6 30. h4 Qe7 31. g4 hxg4 32. fxg4 f5 33. gxf5 Qxh4+ 34. Kg2 Nxe4 35. Bd3 Qg3+ 36. Kf1 Qf3+ 0-1


[Site "https://www.chess.com"]